 Dungeon Crawl Stone Soup version 0.17-a0-1941-gcc30b76 (webtiles) character file.

77 Ordine the Firebug (level 4, -1/24 HPs)
             Began as a Gargoyle Fire Elementalist on Sept 30, 2015.
             Killed from afar by EuServersOMG's ghost (22 damage)
             ... with an orb of energy
             ... on level 3 of the Dungeon.
             The game lasted 00:11:39 (1809 turns).

Ordine the Firebug (Gargoyle Fire Elementalist)     Turns: 1809, Time: 00:11:41

Health: -1/24      AC:  8    Str: 11    XL:     4   Next: 34%
Magic:  1/9        EV: 12    Int: 17    God:
Gold:   94         SH:  0    Dex: 10    Spells: 2 memorised, 5 levels left

rFire  . . .     SeeInvis .     n - +1 short sword (speed)
rCold  . . .     Clarity  .     a - +1 robe
rNeg   + . .     SustAt   .     (no shield)
rPois  ∞         Gourm    .     (no helmet)
rElec  +         Spirit   .     e - +0 cloak
rCorr  .         Warding  .     h - +0 pair of gloves
rMut   .         Stasis   .     (no boots)
MR     .....                    (no amulet)
Stlth  ++........               (no ring)
                                (no ring)

@: very slightly contaminated, not resistant to hostile enchantments, unstealthy
A: negative energy resistance 1, electricity resistance, unbreathing,
petrification resistance, rot immunity, AC +3
a: no special abilities


You were on level 3 of the Dungeon.
You were hungry.

You visited 1 branch of the dungeon, and saw 3 of its levels.

You collected 94 gold pieces.

Inventory:

Hand weapons
 i - a +0 club
 n - a +1 short sword of speed (weapon)
Armour
 a - a +1 robe (worn)
 e - a +0 cloak (worn)
 h - a +0 pair of gloves (worn)
Magical devices
 j - a wand of heal wounds (8)
Scrolls
 g - a scroll of teleportation
 k - a scroll of identify
 p - a scroll of enchant weapon {unknown}
Potions
 d - 3 potions of cure mutation
 m - a potion of invisibility
Books
 b - a book of Flames

   Spells                             Type                      Level
   a - Flame Tongue                   Conjuration/Fire             1
   b - Throw Flame                    Conjuration/Fire             2
   c - Conjure Flame                  Conjuration/Fire             3
   d - Inner Flame                    Hexes/Fire                   3
   e - Sticky Flame                   Conjuration/Fire             4
   f - Fireball                       Conjuration/Fire             5
Comestibles
 c - 3 bread rations
 f - a chunk of flesh
 l - 2 fruits
 o - 2 meat rations


   Skills:
 - Level 1.5 Dodging
 - Level 2.1 Stealth
 * Level 3.4 Spellcasting
 + Level 2.0 Conjurations
 + Level 3.5 Fire Magic


You had 5 spell levels left.
You knew the following spells:

 Your Spells              Type           Power        Failure   Level  Hunger
a - Flame Tongue          Conj/Fire      ##...        6%          1    None
b - Conjure Flame         Conj/Fire      ##......     17%         3    ###....


Dungeon Overview and Level Annotations

Branches:
Dungeon (3/15)

Altars:
Elyvilon
Zin
The Shining One

Annotations:
D:3 EuServersOMG's ghost, average DECj


Innate Abilities, Weirdness & Mutations

You are resistant to torment.
Your stone body is resilient (AC +3).
You are immune to poison.
You resist negative energy.
You are resistant to electric shocks.
You can survive without breathing.
You are immune to petrification.
You are immune to rotting.


Message History

Aiming: Flame Tongue
Press: ? - help, Shift-Dir - straight line, f/p - EuServersOMG's ghost
Aim: EuServersOMG's ghost (moderately damaged)
The flame tongue hits EuServersOMG's ghost.
EuServersOMG's ghost completely resists.
EuServersOMG's ghost is moderately damaged.
EuServersOMG's ghost points at you and mumbles some strange words.
The magic dart hits you!
Casting: Flame Tongue
Confirm with . or Enter, or press ? or * to list all spells.
Aiming: Flame Tongue
Press: ? - help, Shift-Dir - straight line, f/p - EuServersOMG's ghost
Aim: EuServersOMG's ghost (moderately damaged)
The flame tongue hits EuServersOMG's ghost.
EuServersOMG's ghost resists.
EuServersOMG's ghost is heavily damaged.
EuServersOMG's ghost points at you and mumbles some strange words.
The orb of energy hits you!
Ouch! That really hurt!
You die...

#..# #.# #.## #.#
###..####.#
#####.......#.#
#####.....##.##.#.#
#...#.##..##.##<#.#
#...#.#...##.####.#
#...#.#.#.......#.#
#...#.#.#.###.#@#W#
#...#.#.#.......#.#
##...#.#.#.#..#.W#.#
...........##.#..#.#
######.#......#.r#.#
#.....#..)..#.#
##########.#.###...#
...........#.####..#
############.##...>#


You could see EuServersOMG's ghost and a rat.

Vanquished Creatures
  2 adders (D:2)
  A worm (D:2)
  An orc (D:3)
  A giant cockroach (D:1)
  7 hobgoblins
  A quokka (D:2)
  A ball python (D:2)
  8 bats
  3 giant geckos
  2 giant newts (D:1)
  10 goblins
  4 kobolds (D:2)
  10 rats
51 creatures vanquished.

Notes
Turn   | Place    | Note
--------------------------------------------------------------
     0 | D:1      | Ordine the Gargoyle Fire Elementalist began the quest for the Orb.
     0 | D:1      | Reached XP level 1. HP: 10/10 MP: 3/3
   230 | D:1      | Reached XP level 2. HP: 15/15 MP: 1/5
   810 | D:1      | Reached XP level 3. HP: 19/19 MP: 2/7
  1107 | D:2      | Learned a level 3 spell: Conjure Flame
  1146 | D:2      | Found a glowing golden altar of the Shining One.
  1147 | D:2      | Found a glowing silver altar of Zin.
  1147 | D:2      | Found a white marble altar of Elyvilon.
  1391 | D:2      | Reached XP level 4. HP: 16/24 MP: 0/8
  1775 | D:3      | Noticed EuServersOMG's ghost (average DECj)
  1809 | D:3      | Killed from afar by EuServersOMG's ghost

Vault maps used:
D:1:      dpeg_arrival_rooms_b, serial_co_window_serial, co_window_cross_1,
          co_window_of_opportunity_a, co_window_corner_a, co_window_paths_b,
          co_window_paths_a, co_window_of_opportunity_b, co_window_broadway_b,
          co_window_2corner, glass_columns_c, glass_columns_a, glass_columns_b,
          glass_columns_b, glass_columns_c
D:2:      good_gods_temple_1

Action                   |  1- 3 |  4- 6 || total
-------------------------+-------+-------++-------
Melee: Unarmed           |    13 |       ||    13
       Club              |    32 |       ||    32
       Short sword       |    15 |     3 ||    18
 Cast: Flame Tongue      |    65 |    23 ||    88
       Conjure Flame     |       |     1 ||     1
  Use: Scroll            |     6 |       ||     6
  Eat: Chunk             |     2 |     1 ||     3
